 Dungeon Crawl Stone Soup version 0.29.1-2-gbd0b4ee654 (webtiles) character file.

Game seed: 3554144648652809514

446 styxcanada the Covert (level 6, -2/31 HPs)
             Began as a Spriggan Brigand on Oct 29, 2022.
             Killed by divine providence
             ... invoked by an orc priest
              (14 damage)
             ... on level 5 of the Dungeon.
             The game lasted 00:18:37 (5217 turns).

styxcanada the Covert (Spriggan Brigand)            Turns: 5217, Time: 00:18:37

Health: -2/31      AC:  5    Str:  7    XL:     6   Next: 73%
Magic:  9/9        EV: 15    Int: 12    God:
Gold:   187        SH:  0    Dex: 19    Spells: 6/7 levels left

rFire   . . .      SeeInvis +   B - +3 dagger
rCold   . . .      Faith    .   (no shield)
rNeg    . . .      Spirit   .   b - +0 robe
rPois   .          Reflect  .   l - +2 hat
rElec   .          Harm     .   c - +0 cloak
rCorr   .          Rampage  .   (gloves unavailable)
Will    +....                   (boots unavailable)
Stlth   ++++......              (no amulet)
HPRegen 0.10/turn               (no ring)
MPRegen 0.11/turn               (no ring)

@: grasped by roots, constricted, very quick
A: very small, no large weapons, unfitting armour, see invisible, speed 3
a: no special abilities


You were on level 5 of the Dungeon.
You visited 1 branch of the dungeon, and saw 5 of its levels.

You collected 187 gold pieces.

Inventory:

Hand Weapons
 a - a +2 dagger
 r - a +0 sling
 y - a +1 dagger of draining
 A - a +4 flail
 B - a +3 dagger (weapon)
Missiles
 d - 9 poisoned darts (quivered)
 e - 2 curare-tipped darts
 k - 36 stones
Armour
 b - a +0 robe (worn)
 c - a +0 cloak (worn)
 l - a +2 hat (worn)
Jewellery
 m - a +6 ring of intelligence
 o - a ring of positive energy
Wands
 g - a wand of acid (6)
 C - a wand of roots (9)
Scrolls
 f - a scroll of immolation
 h - 2 scrolls of teleportation
 p - 3 scrolls of magic mapping
 t - 2 scrolls of poison
 v - a scroll of vulnerability
 w - a scroll of fog {unknown}
 z - a scroll of fear
Potions
 i - a potion of haste
 j - 2 potions of lignification
 n - 6 potions of curing
 q - a potion of heal wounds {unknown}
 s - 2 potions of berserk rage {unknown}
 u - a potion of mutation {unknown}
 x - 2 potions of degeneration {unknown}


   Skills:
 * Level 2.3 Fighting
 + Level 3.5 Short Blades
 + Level 3.0 Throwing
 * Level 3.6 Dodging
 * Level 9.1 Stealth
 * Level 1.4 Spellcasting
 * Level 0.8 Conjurations


You had 6 spell levels left.
You knew the following spells:

 Your Spells              Type           Power      Damage    Failure   Level
a - Magic Dart            Conj           8%         1d3       21%         1

Your spell library contained the following spells:

 Spells                   Type           Power      Damage    Failure   Level
 Call Imp                 Summ           0%         N/A       41%         2
 Mephitic Cloud           Conj/Pois/Air  1%         N/A       61%         3
 Iskenderun's Battlesphe  Conj           2%         2d6       99%         5
 Iron Shot                Conj/Erth      0%         9d1       100%        6
 Spellforged Servitor     Conj/Summ      0%         N/A       100%        7
 Borgnjor's Revivificati  Necr           0%         N/A       100%        8
 Necromutation            Tmut/Necr      0%         N/A       100%        8
 Death's Door             Necr           0%         N/A       100%        9


Dungeon Overview and Level Annotations

Branches:
Dungeon (5/15)
 Temple: D:4-7

Altars:
Hepliaklqana

Shops:
D:4 *


Innate Abilities, Weirdness & Mutations

You are very small and have problems with some larger weapons.
You are too small for most types of armour.
You have supernaturally acute eyesight. (SInv)
You cover ground extremely quickly. (Speed+++)


Message History

You hit the phantom.
The phantom is heavily damaged.
The phantom misses you.
You closely miss the phantom.
The phantom is heavily damaged.
The phantom misses you.
You closely miss the phantom.
The phantom is heavily damaged.
The phantom hits you.
* * * LOW HITPOINT WARNING * * *
You hit the phantom.
The phantom is severely damaged.
The phantom barely misses you.
Found a scroll of fear.
w - a scroll labelled EMOUNU DUUDITT You see here a scroll of fear.
z - a scroll of fear
Okay, then.
A gnoll comes into view. It is wielding a +0 spear.
Found a stone staircase leading up.
Found a stone staircase leading down.
An orc comes into view.
It is wielding a +0 whip and carrying a wand of roots (7).
An orc priest comes into view. It is wielding a +0 arbalest.
A gnoll, an orc wizard and an orc come into view.
The orc wizard is wielding a +1 dagger of venom.
The helpless gnoll fails to defend itself.
You perforate the gnoll like a sieve!!!
You kill the gnoll!
A gnoll comes into view. It is wielding a +0 spear.
An orc comes into view. It is wielding a +0 dagger.
The gnoll shouts!
The orc shouts!
The gnoll shouts!
You hear a shout! x2
The orc priest shouts!
You hit the gnoll.
The gnoll is moderately wounded.
The orc zaps a wand.
The roots erupt in riotous growth!
The grasping roots grab you!
The gnoll is unaffected.
The grasping roots constrict you.
The orc priest calls down the wrath of Beogh upon you.
Beogh smites you!
You die...

#######.....≈.≈# ......
...........#≈.≈# ......
######.....#≈≈≈##.o....
#..........##.##......o
..............##go.o...
.............###.......
.<.............).<.>..o
.................#....
################@# .
#~~~gg~~g~~#~~~#g#
~~~~#######~~#####
########~~~~~#
#~~~~g#####
#########~~~# ~~###
#~~### ~~~~#####~~~~#
##~~~~~~~~~###


You could see an orc priest, 2 gnolls and 2 orcs.

Vanquished Creatures
  Edmund (D:4)
  2 scorpions
  An orc priest (D:3)
  5 gnolls
  4 adders
  2 worms
  2 dart slugs (D:1)
  8 orcs
  8 endoplasms
  6 giant cockroaches
  4 goblins
  10 hobgoblins
  5 quokkas
  12 ball pythons
  5 bats
  A frilled lizard (D:1)
  6 kobolds
  9 rats
91 creatures vanquished.

Notes
Turn   | Place    | Note
-------+----------+-------------------------------------------
     0 | D:1      | styxcanada the Spriggan Brigand began the quest for the
                  | Orb.
     0 | D:1      | Reached XP level 1. HP: 10/10 MP: 2/2
    24 | D:1      | Reached skill level 6 in Stealth
   455 | D:1      | Reached XP level 2. HP: 14/14 MP: 3/3
   822 | D:1      | Reached skill level 7 in Stealth
   933 | D:1      | Reached XP level 3. HP: 18/18 MP: 4/4
  1029 | D:1      | Found a faded altar of an unknown god.
  1883 | D:2      | Reached XP level 4. HP: 23/23 MP: 5/5
  2748 | D:3      | Reached skill level 8 in Stealth
  2761 | D:3      | Reached XP level 5. HP: 14/26 MP: 6/6
  3584 | D:4      | Learned a level 1 spell: Magic Dart
  3840 | D:4      | Found Geireoge's Assorted Antiques.
  3969 | D:4      | Noticed Edmund
  3980 | D:4      | Found a faded altar of an unknown god.
  3980 | D:4      | Found a hazy altar of Hepliaklqana.
  4015 | D:4      | Killed Edmund
  4016 | D:4      | Reached skill level 1 in Spellcasting
  4016 | D:4      | Reached XP level 6. HP: 10/30 MP: 6/8
  4822 | D:5      | Entered Level 5 of the Dungeon
  4889 | D:5      | Reached skill level 9 in Stealth
  5217 | D:5      | Killed from afar by an orc priest

Illustrated notes

Levels and vault maps discovered:
D:1:      dpeg_arrival_pits, layout_loops_cross,
          dilly_ecumenical_altar_fadedgnrine, minmay_vboxes
D:2:      layout_basic, kennysheep_potato
D:3:      layout_loops_cross
D:4:      minmay_angry_zag, layout_basic, beargit_hepliaklqana_dungeon_heroes,
          serial_shops, nicolae_shop_advertising_works
          [nicolae_subvault_shop_adworks],
          hangedman_abyss_or_decor_jellyfish_corner, hex_tiny, kennysheep_boxes
D:5:      layout_rooms, serial_rivers, chequers_serial_rivers_micro_d,
          chequers_serial_rivers_room_a, chequers_serial_rivers_micro_d,
          chequers_serial_rivers_micro_b, chequers_serial_rivers_large_b,
          minmay_statues_item, uniq_pikel, uniq_grinder

Skill      XL: |  1  2  3  4  5  6 |
---------------+-------------------+-----
Stealth        | 6 7 8 9 |  9.1
Dodging        | 2 3 |  3.6
Short Blades   | 3 |  3.5
Fighting       | 2 |  2.3
Spellcasting   | 1 |  1.4
Throwing       | 3 |  3.0
Conjurations   | |  0.8

Action                   |  1- 3 |  4- 6 || total
-------------------------+-------+-------++-------
Melee: Dagger            |   100 |   171 ||   271
       Punch             |     4 |     2 ||     6
 Fire: Sling             |       |    16 ||    16
Throw: Dart              |    19 |    29 ||    48
  Use: Scroll            |       |    12 ||    12
 Stab: Sleeping          |    11 |    14 ||    25
       Distracted        |     3 |     1 ||     4
Armor: Robe              |    19 |    23 ||    42
Dodge: Dodged            |    73 |   120 ||   193
